[ PARTIDA AOE2 · #479997185 ]
UnrankedMagiares vs Koreans
Equipo del jugador · DERR
[ ANÁLISIS DE REPETICIÓN · EXTRAÍDO DE LA PARTIDA GRABADA ]
Feudal
14:28
Castillos
18:28
Imperial
44:17
| APM promedio | 37.9 |
| APM pico | 87 |
| eAPM promedio | 25.2 |
| Aldeanos / militares | 162 / 191 |
Foco
⚔️ 31.0% · 🌾 69.0%
Magyar Huszar ×150 · Scout Cavalry ×27 · Monk ×8 · Trebuchet (Packed) ×4 · Battering Ram ×2
Feudal
14:12
Castillos
18:07
Imperial
41:28
| APM promedio | 44.2 |
| APM pico | 80 |
| eAPM promedio | 29.5 |
| Aldeanos / militares | 200 / 124 |
Foco
⚔️ 29.9% · 🌾 70.1%
Leitis ×112 · Mangonel ×5 · Battering Ram ×5 · Trade Cart ×2 · Trebuchet (Packed) ×2
Feudal
11:46
Castillos
16:59
Imperial
39:22
| APM promedio | 35.6 |
| APM pico | 66 |
| eAPM promedio | 23.2 |
| Aldeanos / militares | 181 / 196 |
Foco
⚔️ 28.7% · 🌾 71.3%
War Wagon ×137 · Spearman ×48 · Bombard Cannon ×7 · Fire Lancer ×4
Feudal
11:58
Castillos
23:09
Imperial
37:08
| APM promedio | 23.6 |
| APM pico | 101 |
| eAPM promedio | 10.0 |
| Aldeanos / militares | 95 / 21 |
Foco
⚔️ 29.1% · 🌾 70.9%
Archer ×8 · Scorpion ×5 · Spearman ×5 · Mangonel ×3
Feudal
13:03
Castillos
18:44
Imperial
41:40
| APM promedio | 33.5 |
| APM pico | 68 |
| eAPM promedio | 16.8 |
| Aldeanos / militares | 177 / 198 |
Foco
⚔️ 31.4% · 🌾 68.6%
Steppe Lancer ×185 · Unknown (1908) ×57 · Battering Ram ×8 · Trebuchet (Packed) ×3 · Iron Pagoda ×2
Feudal
—
Castillos
—
Imperial
—
| APM promedio | 36.1 |
| APM pico | 57 |
| eAPM promedio | 17.4 |
| Aldeanos / militares | 163 / 259 |
Foco
⚔️ 32.8% · 🌾 67.2%
Cavalry Archer ×112 · Skirmisher ×96 · Spearman ×41 · Trebuchet (Packed) ×6 · Bombard Cannon ×3 · Monk ×1
Feudal
13:47
Castillos
17:38
Imperial
—
| APM promedio | 30.9 |
| APM pico | 68 |
| eAPM promedio | 14.5 |
| Aldeanos / militares | 162 / 4 |
Foco
⚔️ 20.6% · 🌾 79.4%
Unknown (2579) ×50 · Trade Cart ×10 · Mangonel ×3 · Battering Ram ×1
Feudal
13:24
Castillos
23:59
Imperial
44:40
| APM promedio | 41.2 |
| APM pico | 154 |
| eAPM promedio | 25.3 |
| Aldeanos / militares | 312 / 251 |
Foco
⚔️ 34.6% · 🌾 65.4%
Knight ×238 · Camel Scout ×7 · Spearman ×4 · Trebuchet (Packed) ×2
Mapa de la partida
Recursos iniciales + cada clic de construcción. Líneas = muros · curvas = relieve. ◆ oro · ⬟ piedra · ● bayas · ✦ reliquia · ◌ hueco del cierre
Tu base· Abierta — hueco de 4t
Base de manfred_the_pig· Abierta — hueco de 7t
Base de Namso· Abierta — hueco de 9t
Base de Snorkiss89· Abierta — flanco sin cerrar
Base de Jamsheed· Abierta — hueco de 8t
Base de Raichu VII· Abierta — flanco sin cerrar
Base de Haider_435· Abierta — flanco sin cerrar
Base de PAWA· Abierta — hueco de 5t
Terreno inicial suavizado · ◌ = hueco del cierre detectado · pasá el cursor para detalles
Inputs por minuto
— Turkalibx - - manfred_the_pig
Build order — Turkalibx
Primeras 150 de 589 acciones detectadas
| 0:06 | Construir | Town Center |
| 0:15 | Construir | House |
| 2:28 | Crear | Villager (Male) |
| 2:29 | Crear | Villager (Male) |
| 2:29 | Crear | Villager (Male) |
| 2:29 | Crear | Villager (Male) |
| 2:32 | Investigar | Loom |
| 2:32 | Investigar | Loom |
| 3:34 | Crear | Villager (Male) |
| 3:34 | Crear | Villager (Male) |
| 4:09 | Crear | Villager (Male) |
| 4:09 | Crear | Villager (Male) |
| 4:58 | Construir | Lumber Camp |
| 5:06 | Crear | Villager (Male) |
| 5:06 | Crear | Villager (Male) |
| 5:32 | Crear | Villager (Male) |
| 5:32 | Crear | Villager (Male) |
| 5:32 | Crear | Villager (Male) |
| 5:35 | Crear | Villager (Male) |
| 5:54 | Construir | House |
| 6:44 | Crear | Villager (Male) |
| 6:44 | Crear | Villager (Male) |
| 7:09 | Crear | Villager (Male) |
| 7:09 | Crear | Villager (Male) |
| 7:14 | Construir | House |
| 7:42 | Construir | House |
| 8:45 | Construir | House |
| 8:57 | Crear | Villager (Male) |
| 9:17 | Crear | Villager (Male) |
| 9:36 | Crear | Villager (Male) |
| 10:03 | Construir | House |
| 10:07 | Construir | House |
| 10:33 | Construir | Mill |
| 10:38 | Crear | Villager (Male) |
| 10:38 | Crear | Villager (Male) |
| 11:19 | Crear | Villager (Male) |
| 11:39 | Crear | Villager (Male) |
| 11:45 | Construir | House |
| 11:50 | Construir | House |
| 12:05 | Investigar | Feudal Age |
| 12:08 | Construir | House |
| 13:04 | Crear | Villager (Male) |
| 13:04 | Crear | Villager (Male) |
| 13:58 | Construir | House |
| 14:18 | Construir | Palisade Wall |
| 14:20 | Construir | Palisade Wall |
| 14:28 | Edad | Edad Feudal |
| 14:34 | Construir | Market |
| 14:42 | Construir | Blacksmith |
| 15:00 | Construir | Mining Camp |
| 15:23 | Crear | Villager (Male) |
| 15:30 | Investigar | Castle Age |
| 16:14 | Construir | House |
| 17:15 | Crear | Villager (Male) |
| 17:15 | Crear | Villager (Male) |
| 17:22 | Investigar | Scale Barding Armor |
| 17:33 | Construir | Palisade Wall |
| 18:28 | Edad | Edad de los Castillos |
| 18:38 | Crear | Villager (Male) |
| 18:38 | Crear | Villager (Male) |
| 18:56 | Construir | Castle |
| 19:14 | Crear | Villager (Male) |
| 19:14 | Crear | Villager (Male) |
| 19:19 | Investigar | Double-Bit Axe |
| 19:34 | Crear | Villager (Male) |
| 19:46 | Construir | Town Center |
| 19:53 | Crear | Villager (Male) |
| 20:02 | Crear | Magyar Huszar |
| 20:04 | Crear | Magyar Huszar |
| 20:04 | Crear | Magyar Huszar |
| 20:05 | Crear | Magyar Huszar |
| 20:05 | Crear | Magyar Huszar |
| 20:05 | Crear | Magyar Huszar |
| 20:14 | Crear | Villager (Male) |
| 20:14 | Crear | Villager (Male) |
| 20:14 | Crear | Villager (Male) |
| 20:26 | Investigar | Fletching |
| 20:56 | Construir | Farm |
| 20:58 | Construir | Farm |
| 21:00 | Construir | Farm |
| 21:02 | Crear | Villager (Male) |
| 21:11 | Construir | Town Center |
| 21:22 | Crear | Magyar Huszar |
| 21:22 | Crear | Magyar Huszar |
| 21:42 | Construir | Farm |
| 21:50 | Crear | Villager (Male) |
| 21:51 | Crear | Villager (Male) |
| 21:52 | Crear | Villager (Male) |
| 21:52 | Crear | Villager (Male) |
| 22:11 | Crear | Villager (Male) |
| 22:23 | Construir | Farm |
| 22:28 | Construir | Farm |
| 22:31 | Construir | Farm |
| 22:32 | Crear | Villager (Male) |
| 22:32 | Crear | Villager (Male) |
| 23:02 | Crear | Villager (Male) |
| 23:02 | Crear | Villager (Male) |
| 23:54 | Crear | Magyar Huszar |
| 23:54 | Crear | Magyar Huszar |
| 23:54 | Crear | Magyar Huszar |
| 24:06 | Crear | Villager (Male) |
| 24:07 | Crear | Villager (Male) |
| 24:19 | Crear | Magyar Huszar |
| 24:19 | Crear | Magyar Huszar |
| 24:19 | Crear | Magyar Huszar |
| 24:26 | Crear | Villager (Male) |
| 24:26 | Crear | Villager (Male) |
| 24:26 | Crear | Villager (Male) |
| 24:39 | Crear | Villager (Male) |
| 24:45 | Construir | Town Center |
| 25:25 | Crear | Villager (Male) |
| 25:25 | Crear | Villager (Male) |
| 25:57 | Crear | Villager (Male) |
| 25:58 | Crear | Villager (Male) |
| 26:00 | Crear | Villager (Male) |
| 26:03 | Construir | Farm |
| 26:05 | Construir | Farm |
| 26:06 | Construir | Farm |
| 26:08 | Construir | Farm |
| 26:12 | Crear | Villager (Male) |
| 26:12 | Crear | Villager (Male) |
| 26:15 | Construir | Farm |
| 26:16 | Construir | Farm |
| 26:36 | Crear | Magyar Huszar |
| 26:36 | Crear | Magyar Huszar |
| 26:36 | Crear | Magyar Huszar |
| 26:41 | Crear | Villager (Male) |
| 26:42 | Crear | Villager (Male) |
| 26:45 | Construir | Farm |
| 26:47 | Construir | Farm |
| 26:49 | Construir | Farm |
| 27:01 | Construir | House |
| 27:02 | Construir | House |
| 27:03 | Construir | House |
| 27:04 | Crear | Villager (Male) |
| 27:04 | Crear | Villager (Male) |
| 27:05 | Crear | Villager (Male) |
| 27:05 | Crear | Villager (Male) |
| 27:05 | Crear | Villager (Male) |
| 27:09 | Construir | Farm |
| 27:13 | Construir | Farm |
| 27:20 | Construir | Lumber Camp |
| 27:49 | Crear | Magyar Huszar |
| 27:49 | Crear | Magyar Huszar |
| 27:50 | Crear | Magyar Huszar |
| 27:50 | Crear | Magyar Huszar |
| 27:50 | Crear | Magyar Huszar |
| 27:50 | Crear | Magyar Huszar |
| 27:56 | Construir | Farm |
| 28:10 | Crear | Villager (Male) |
Build order — manfred_the_pig
Primeras 150 de 558 acciones detectadas
| 0:18 | Construir | Town Center |
| 1:19 | Construir | House |
| 2:39 | Construir | House |
| 2:43 | Construir | House |
| 2:52 | Crear | Villager (Male) |
| 2:52 | Crear | Villager (Male) |
| 2:52 | Crear | Villager (Male) |
| 2:52 | Crear | Villager (Male) |
| 2:53 | Crear | Villager (Male) |
| 2:53 | Crear | Villager (Male) |
| 3:51 | Construir | House |
| 3:55 | Crear | Villager (Male) |
| 4:15 | Crear | Villager (Male) |
| 4:42 | Crear | Villager (Male) |
| 4:53 | Construir | House |
| 5:00 | Crear | Villager (Male) |
| 5:20 | Construir | Lumber Camp |
| 5:37 | Crear | Villager (Male) |
| 6:13 | Crear | Villager (Male) |
| 6:15 | Crear | Villager (Male) |
| 6:54 | Construir | House |
| 7:24 | Crear | Villager (Male) |
| 7:36 | Construir | Mill |
| 7:36 | Crear | Villager (Male) |
| 7:47 | Crear | Villager (Male) |
| 7:49 | Crear | Villager (Male) |
| 7:51 | Construir | House |
| 8:23 | Crear | Villager (Male) |
| 8:42 | Construir | Mill |
| 8:47 | Crear | Villager (Male) |
| 9:01 | Crear | Villager (Male) |
| 9:17 | Crear | Villager (Male) |
| 9:33 | Crear | Villager (Male) |
| 10:02 | Crear | Villager (Male) |
| 10:06 | Crear | Villager (Male) |
| 10:10 | Construir | House |
| 10:23 | Crear | Villager (Male) |
| 10:29 | Construir | Mill |
| 10:43 | Investigar | Loom |
| 10:58 | Construir | Mill |
| 11:21 | Construir | Mining Camp |
| 11:36 | Investigar | Feudal Age |
| 12:25 | Crear | Villager (Male) |
| 13:18 | Crear | Villager (Male) |
| 14:12 | Edad | Edad Feudal |
| 14:15 | Construir | Blacksmith |
| 14:19 | Construir | Market |
| 14:47 | Crear | Villager (Male) |
| 15:06 | Investigar | Castle Age |
| 15:13 | Construir | House |
| 15:46 | Investigar | Double-Bit Axe |
| 17:15 | Crear | Villager (Male) |
| 17:24 | Investigar | Town Watch |
| 17:42 | Investigar | Fletching |
| 18:07 | Edad | Edad de los Castillos |
| 18:10 | Construir | Castle |
| 18:23 | Crear | Villager (Male) |
| 18:36 | Crear | Villager (Male) |
| 18:37 | Investigar | Bow Saw |
| 19:02 | Crear | Leitis |
| 19:11 | Construir | Town Center |
| 19:19 | Crear | Villager (Male) |
| 19:36 | Crear | Villager (Male) |
| 19:45 | Crear | Villager (Male) |
| 19:56 | Construir | Siege Workshop |
| 20:11 | Crear | Villager (Male) |
| 20:24 | Crear | Villager (Male) |
| 20:39 | Construir | Mill |
| 20:44 | Crear | Villager (Male) |
| 20:48 | Crear | Villager (Male) |
| 20:52 | Crear | Leitis |
| 20:52 | Crear | Leitis |
| 21:13 | Crear | Villager (Male) |
| 21:23 | Crear | Villager (Male) |
| 21:50 | Crear | Villager (Male) |
| 22:08 | Construir | Farm |
| 22:43 | Construir | Farm |
| 22:45 | Crear | Villager (Male) |
| 23:16 | Construir | Farm |
| 23:20 | Construir | Farm |
| 23:22 | Construir | Farm |
| 23:26 | Construir | Farm |
| 23:28 | Construir | Farm |
| 23:37 | Crear | Villager (Male) |
| 23:38 | Crear | Villager (Male) |
| 23:40 | Crear | Villager (Male) |
| 23:50 | Crear | Mangonel |
| 24:02 | Construir | Farm |
| 24:07 | Construir | Farm |
| 24:12 | Construir | Farm |
| 24:13 | Crear | Villager (Male) |
| 24:26 | Construir | Farm |
| 24:32 | Construir | Farm |
| 24:37 | Crear | Villager (Male) |
| 24:57 | Crear | Villager (Male) |
| 24:59 | Construir | Farm |
| 25:08 | Crear | Villager (Male) |
| 25:24 | Construir | Town Center |
| 25:27 | Crear | Villager (Male) |
| 25:37 | Construir | Mill |
| 25:38 | Construir | Farm |
| 25:38 | Construir | Farm |
| 25:39 | Crear | Villager (Male) |
| 25:54 | Crear | Battering Ram |
| 26:02 | Crear | Villager (Male) |
| 26:09 | Construir | Farm |
| 26:12 | Construir | Farm |
| 26:19 | Construir | Farm |
| 26:35 | Crear | Villager (Male) |
| 26:37 | Construir | Farm |
| 26:45 | Crear | Leitis |
| 26:48 | Crear | Villager (Male) |
| 26:53 | Crear | Villager (Male) |
| 27:12 | Construir | Farm |
| 27:28 | Crear | Battering Ram |
| 27:31 | Crear | Villager (Male) |
| 27:32 | Crear | Villager (Male) |
| 27:32 | Crear | Villager (Male) |
| 27:33 | Crear | Villager (Male) |
| 27:37 | Construir | Farm |
| 27:38 | Investigar | Horse Collar |
| 27:41 | Crear | Leitis |
| 27:51 | Crear | Mangonel |
| 28:00 | Crear | Villager (Male) |
| 28:05 | Crear | Villager (Male) |
| 28:09 | Construir | Farm |
| 28:19 | Crear | Mangonel |
| 28:24 | Crear | Villager (Male) |
| 28:27 | Construir | House |
| 28:28 | Construir | House |
| 28:30 | Construir | House |
| 28:31 | Construir | House |
| 28:42 | Investigar | Wheelbarrow |
| 28:42 | Crear | Villager (Male) |
| 28:57 | Crear | Villager (Male) |
| 28:59 | Construir | Farm |
| 29:00 | Construir | Farm |
| 29:00 | Construir | Farm |
| 29:00 | Construir | Farm |
| 29:00 | Construir | Farm |
| 29:00 | Construir | Farm |
| 29:08 | Crear | Leitis |
| 29:13 | Investigar | Scale Barding Armor |
| 29:35 | Crear | Villager (Male) |
| 29:47 | Crear | Villager (Male) |
| 29:50 | Crear | Villager (Male) |
| 29:52 | Crear | Leitis |
| 29:55 | Crear | Battering Ram |
| 29:56 | Crear | Villager (Male) |
| 29:58 | Construir | Farm |
Build order — Namso
Primeras 150 de 588 acciones detectadas
| 0:04 | Construir | Town Center |
| 1:39 | Construir | House |
| 2:30 | Crear | Villager (Male) |
| 2:31 | Crear | Villager (Male) |
| 2:31 | Crear | Villager (Male) |
| 2:31 | Crear | Villager (Male) |
| 3:25 | Crear | Villager (Male) |
| 3:35 | Construir | House |
| 4:35 | Crear | Villager (Male) |
| 4:35 | Crear | Villager (Male) |
| 4:39 | Construir | House |
| 5:06 | Construir | House |
| 5:16 | Crear | Villager (Male) |
| 5:27 | Crear | Villager (Male) |
| 5:43 | Crear | Villager (Male) |
| 6:15 | Construir | Lumber Camp |
| 6:36 | Construir | House |
| 6:41 | Crear | Villager (Male) |
| 6:41 | Crear | Villager (Male) |
| 6:42 | Crear | Villager (Male) |
| 6:43 | Crear | Villager (Male) |
| 6:43 | Crear | Villager (Male) |
| 6:45 | Crear | Villager (Male) |
| 6:46 | Crear | Villager (Male) |
| 7:17 | Construir | House |
| 7:30 | Crear | Villager (Male) |
| 7:43 | Crear | Villager (Male) |
| 7:58 | Crear | Villager (Male) |
| 8:08 | Crear | Villager (Male) |
| 8:43 | Construir | Mining Camp |
| 9:25 | Investigar | Feudal Age |
| 10:02 | Crear | Villager (Male) |
| 10:03 | Crear | Villager (Male) |
| 10:14 | Crear | Villager (Male) |
| 10:30 | Construir | House |
| 10:40 | Construir | House |
| 10:54 | Construir | House |
| 11:46 | Edad | Edad Feudal |
| 12:00 | Construir | Blacksmith |
| 12:13 | Crear | Villager (Male) |
| 12:26 | Construir | Mill |
| 12:33 | Crear | Villager (Male) |
| 13:26 | Crear | Villager (Male) |
| 13:33 | Construir | Market |
| 13:49 | Crear | Villager (Male) |
| 13:54 | Investigar | Loom |
| 14:15 | Investigar | Castle Age |
| 14:24 | Investigar | Double-Bit Axe |
| 14:42 | Construir | Mining Camp |
| 15:08 | Investigar | Stone Mining |
| 15:17 | Construir | House |
| 15:38 | Crear | Villager (Male) |
| 16:59 | Edad | Edad de los Castillos |
| 17:01 | Investigar | Bow Saw |
| 17:06 | Construir | Town Center |
| 17:17 | Crear | Villager (Male) |
| 17:35 | Crear | Villager (Male) |
| 17:39 | Construir | House |
| 18:02 | Construir | Castle |
| 18:10 | Crear | Villager (Male) |
| 18:46 | Crear | Villager (Male) |
| 18:50 | Crear | Villager (Male) |
| 19:07 | Crear | Villager (Male) |
| 19:15 | Crear | War Wagon |
| 19:32 | Construir | Farm |
| 19:34 | Crear | War Wagon |
| 19:38 | Investigar | Fletching |
| 19:45 | Crear | Villager (Male) |
| 19:45 | Crear | Villager (Male) |
| 20:06 | Construir | Farm |
| 20:06 | Construir | Farm |
| 20:08 | Crear | Villager (Male) |
| 20:10 | Crear | Villager (Male) |
| 20:11 | Crear | War Wagon |
| 20:40 | Construir | Farm |
| 20:40 | Construir | Farm |
| 20:41 | Construir | Farm |
| 20:41 | Construir | Farm |
| 20:56 | Investigar | Bodkin Arrow |
| 20:58 | Crear | Villager (Male) |
| 20:59 | Crear | Villager (Male) |
| 21:16 | Crear | War Wagon |
| 21:30 | Crear | Villager (Male) |
| 21:31 | Crear | Villager (Male) |
| 21:38 | Crear | Villager (Male) |
| 21:38 | Crear | Villager (Male) |
| 21:45 | Crear | War Wagon |
| 22:00 | Crear | Villager (Male) |
| 22:01 | Crear | Villager (Male) |
| 22:24 | Crear | War Wagon |
| 22:39 | Crear | Villager (Male) |
| 22:41 | Crear | Villager (Male) |
| 23:00 | Crear | Villager (Male) |
| 23:17 | Crear | War Wagon |
| 23:19 | Crear | Villager (Male) |
| 23:21 | Crear | Villager (Male) |
| 23:24 | Construir | Farm |
| 23:24 | Construir | Farm |
| 23:28 | Construir | Farm |
| 23:30 | Investigar | Horse Collar |
| 23:47 | Crear | Villager (Male) |
| 23:48 | Crear | Villager (Male) |
| 23:52 | Crear | War Wagon |
| 23:55 | Crear | War Wagon |
| 24:17 | Crear | War Wagon |
| 24:21 | Crear | Villager (Male) |
| 24:22 | Crear | Villager (Male) |
| 24:25 | Investigar | Gold Mining |
| 24:45 | Construir | Town Center |
| 24:54 | Crear | War Wagon |
| 25:01 | Crear | Villager (Male) |
| 25:02 | Crear | Villager (Male) |
| 25:08 | Crear | War Wagon |
| 25:13 | Crear | Villager (Male) |
| 25:40 | Crear | Villager (Male) |
| 25:41 | Crear | Villager (Male) |
| 25:44 | Construir | Farm |
| 25:50 | Crear | War Wagon |
| 25:59 | Crear | Villager (Male) |
| 26:00 | Crear | Villager (Male) |
| 26:08 | Construir | University |
| 26:12 | Crear | War Wagon |
| 26:18 | Crear | Villager (Male) |
| 26:33 | Crear | War Wagon |
| 26:33 | Crear | War Wagon |
| 26:47 | Crear | Villager (Male) |
| 26:53 | Construir | Mill |
| 26:55 | Construir | House |
| 26:56 | Construir | House |
| 26:56 | Construir | House |
| 26:57 | Crear | War Wagon |
| 27:18 | Crear | Villager (Male) |
| 27:19 | Crear | Villager (Male) |
| 27:20 | Crear | Villager (Male) |
| 27:29 | Investigar | Ballistics |
| 27:49 | Construir | Barracks |
| 27:50 | Crear | Villager (Male) |
| 27:52 | Crear | Villager (Male) |
| 27:53 | Crear | Villager (Male) |
| 27:53 | Crear | Villager (Male) |
| 28:05 | Crear | Villager (Male) |
| 28:05 | Crear | Villager (Male) |
| 28:06 | Crear | Villager (Male) |
| 28:07 | Crear | Villager (Male) |
| 28:13 | Construir | House |
| 28:14 | Construir | House |
| 28:17 | Crear | Villager (Male) |
| 28:18 | Crear | Villager (Male) |
| 28:19 | Crear | Villager (Male) |
| 28:36 | Crear | Villager (Male) |
Build order — Snorkiss89
Primeras 150 de 204 acciones detectadas
| 0:33 | Construir | Town Center |
| 1:44 | Construir | House |
| 2:43 | Crear | Villager (Male) |
| 2:43 | Crear | Villager (Male) |
| 2:44 | Crear | Villager (Male) |
| 2:44 | Crear | Villager (Male) |
| 2:50 | Construir | House |
| 4:18 | Crear | Villager (Male) |
| 4:18 | Crear | Villager (Male) |
| 4:18 | Crear | Villager (Male) |
| 4:35 | Construir | Lumber Camp |
| 4:40 | Construir | House |
| 4:49 | Crear | Villager (Male) |
| 5:30 | Crear | Villager (Male) |
| 5:30 | Crear | Villager (Male) |
| 5:55 | Crear | Villager (Male) |
| 6:04 | Construir | Palisade Gate |
| 6:13 | Crear | Villager (Male) |
| 6:17 | Construir | House |
| 6:29 | Crear | Villager (Male) |
| 6:29 | Crear | Villager (Male) |
| 6:55 | Crear | Villager (Male) |
| 6:55 | Crear | Villager (Male) |
| 7:16 | Crear | Villager (Male) |
| 7:17 | Crear | Villager (Male) |
| 7:17 | Crear | Villager (Male) |
| 7:39 | Investigar | Loom |
| 7:45 | Construir | Palisade Gate |
| 7:51 | Construir | Palisade Gate |
| 7:56 | Crear | Villager (Male) |
| 7:56 | Crear | Villager (Male) |
| 7:56 | Crear | Villager (Male) |
| 8:07 | Crear | Villager (Male) |
| 8:11 | Construir | Mining Camp |
| 8:23 | Crear | Villager (Male) |
| 9:04 | Crear | Villager (Male) |
| 9:47 | Investigar | Feudal Age |
| 10:30 | Construir | Mill |
| 11:08 | Construir | Barracks |
| 11:48 | Crear | Villager (Male) |
| 11:58 | Edad | Edad Feudal |
| 12:00 | Construir | House |
| 12:03 | Crear | Villager (Male) |
| 12:30 | Construir | Archery Range |
| 12:32 | Crear | Villager (Male) |
| 12:48 | Investigar | Double-Bit Axe |
| 13:03 | Construir | House |
| 13:10 | Crear | Villager (Male) |
| 13:10 | Crear | Archer |
| 13:16 | Crear | Villager (Male) |
| 13:28 | Construir | House |
| 13:37 | Crear | Archer |
| 14:01 | Crear | Villager (Male) |
| 14:06 | Construir | Palisade Wall |
| 14:10 | Construir | Palisade Wall |
| 14:11 | Construir | Palisade Wall |
| 14:15 | Construir | Palisade Wall |
| 14:19 | Crear | Villager (Male) |
| 14:20 | Crear | Archer |
| 14:26 | Construir | Blacksmith |
| 14:38 | Crear | Archer |
| 14:45 | Crear | Villager (Male) |
| 14:55 | Investigar | Fletching |
| 14:59 | Crear | Villager (Male) |
| 15:16 | Crear | Archer |
| 15:40 | Crear | Villager (Male) |
| 16:03 | Crear | Archer |
| 16:30 | Crear | Villager (Male) |
| 16:50 | Construir | Lumber Camp |
| 16:54 | Crear | Villager (Male) |
| 17:03 | Construir | House |
| 17:36 | Crear | Archer |
| 17:47 | Construir | Palisade Gate |
| 17:51 | Crear | Villager (Male) |
| 17:56 | Construir | House |
| 17:58 | Construir | House |
| 18:01 | Construir | House |
| 18:02 | Construir | House |
| 18:05 | Construir | Palisade Gate |
| 18:06 | Construir | House |
| 18:13 | Crear | Villager (Male) |
| 18:24 | Construir | Farm |
| 18:24 | Construir | Farm |
| 18:24 | Construir | Farm |
| 18:25 | Construir | Farm |
| 18:25 | Construir | Farm |
| 18:25 | Construir | Farm |
| 18:25 | Construir | Farm |
| 18:25 | Construir | Farm |
| 18:25 | Construir | Farm |
| 18:26 | Construir | Farm |
| 18:29 | Crear | Villager (Male) |
| 18:48 | Investigar | Horse Collar |
| 19:38 | Crear | Villager (Male) |
| 19:38 | Crear | Villager (Male) |
| 19:38 | Crear | Villager (Male) |
| 19:39 | Crear | Villager (Male) |
| 19:39 | Crear | Villager (Male) |
| 19:39 | Crear | Villager (Male) |
| 19:39 | Crear | Villager (Male) |
| 19:39 | Crear | Villager (Male) |
| 19:40 | Crear | Villager (Male) |
| 19:40 | Crear | Villager (Male) |
| 19:54 | Crear | Villager (Male) |
| 20:05 | Crear | Villager (Male) |
| 20:09 | Construir | Mining Camp |
| 20:29 | Investigar | Castle Age |
| 20:29 | Investigar | Castle Age |
| 20:46 | Construir | Watch Tower |
| 21:00 | Crear | Archer |
| 21:04 | Investigar | Gold Mining |
| 22:05 | Construir | Watch Tower |
| 23:04 | Construir | Palisade Gate |
| 23:09 | Edad | Edad de los Castillos |
| 23:11 | Construir | Palisade Wall |
| 23:30 | Crear | Villager (Male) |
| 23:30 | Crear | Villager (Male) |
| 23:38 | Construir | Town Center |
| 24:30 | Crear | Villager (Male) |
| 24:48 | Crear | Villager (Male) |
| 24:48 | Crear | Villager (Male) |
| 24:56 | Crear | Villager (Male) |
| 24:57 | Crear | Villager (Male) |
| 24:57 | Crear | Villager (Male) |
| 25:06 | Crear | Villager (Male) |
| 25:06 | Crear | Villager (Male) |
| 25:15 | Construir | Farm |
| 25:23 | Crear | Villager (Male) |
| 25:23 | Crear | Villager (Male) |
| 25:23 | Crear | Villager (Male) |
| 25:43 | Crear | Villager (Male) |
| 26:07 | Crear | Villager (Male) |
| 26:08 | Crear | Villager (Male) |
| 26:18 | Crear | Villager (Male) |
| 26:18 | Crear | Villager (Male) |
| 26:45 | Construir | Siege Workshop |
| 27:03 | Crear | Villager (Male) |
| 27:03 | Crear | Villager (Male) |
| 27:15 | Crear | Mangonel |
| 28:07 | Construir | Mining Camp |
| 28:08 | Crear | Villager (Male) |
| 28:08 | Crear | Villager (Male) |
| 28:08 | Crear | Villager (Male) |
| 28:13 | Crear | Villager (Male) |
| 28:13 | Crear | Villager (Male) |
| 28:13 | Crear | Villager (Male) |
| 28:56 | Construir | Castle |
| 29:06 | Crear | Scorpion |
| 29:08 | Crear | Villager (Male) |
| 29:09 | Crear | Villager (Male) |
Build order — Jamsheed
Primeras 150 de 463 acciones detectadas
| 0:08 | Construir | Town Center |
| 1:55 | Construir | House |
| 2:22 | Construir | House |
| 2:25 | Crear | Villager (Male) |
| 2:25 | Crear | Villager (Male) |
| 2:25 | Crear | Villager (Male) |
| 2:25 | Crear | Villager (Male) |
| 3:20 | Investigar | Loom |
| 3:21 | Crear | Villager (Male) |
| 4:37 | Crear | Villager (Male) |
| 4:38 | Crear | Villager (Male) |
| 4:38 | Crear | Villager (Male) |
| 5:19 | Crear | Villager (Male) |
| 5:44 | Construir | Mining Camp |
| 5:49 | Construir | Lumber Camp |
| 5:53 | Crear | Villager (Male) |
| 6:29 | Crear | Villager (Male) |
| 6:30 | Crear | Villager (Male) |
| 7:21 | Crear | Villager (Male) |
| 7:24 | Construir | House |
| 7:45 | Crear | Villager (Male) |
| 7:52 | Crear | Villager (Male) |
| 8:02 | Crear | Villager (Male) |
| 8:24 | Construir | Mill |
| 8:41 | Construir | House |
| 8:44 | Crear | Villager (Male) |
| 8:45 | Crear | Villager (Male) |
| 10:02 | Crear | Villager (Male) |
| 10:24 | Crear | Villager (Male) |
| 10:24 | Crear | Villager (Male) |
| 10:53 | Investigar | Feudal Age |
| 11:50 | Crear | Villager (Male) |
| 12:40 | Construir | House |
| 12:49 | Crear | Villager (Male) |
| 13:03 | Edad | Edad Feudal |
| 13:17 | Construir | Market |
| 13:50 | Crear | Villager (Male) |
| 14:23 | Construir | Blacksmith |
| 14:25 | Crear | Villager (Male) |
| 14:31 | Construir | House |
| 14:39 | Investigar | Town Watch |
| 15:07 | Crear | Villager (Male) |
| 16:02 | Construir | Lumber Camp |
| 16:04 | Investigar | Castle Age |
| 16:11 | Crear | Villager (Male) |
| 16:47 | Construir | Mill |
| 17:01 | Investigar | Double-Bit Axe |
| 17:08 | Investigar | Horse Collar |
| 17:58 | Construir | House |
| 18:29 | Construir | House |
| 18:34 | Construir | House |
| 18:44 | Edad | Edad de los Castillos |
| 18:45 | Construir | Barracks |
| 18:59 | Construir | Town Center |
| 19:02 | Crear | Villager (Male) |
| 19:04 | Crear | Villager (Male) |
| 19:13 | Crear | Villager (Male) |
| 19:22 | Crear | Villager (Male) |
| 19:27 | Crear | Villager (Male) |
| 19:29 | Investigar | Scale Barding Armor |
| 19:31 | Investigar | Forging |
| 19:50 | Crear | Villager (Male) |
| 20:16 | Construir | Stable |
| 20:19 | Crear | Villager (Male) |
| 20:22 | Construir | Farm |
| 20:28 | Construir | Farm |
| 20:31 | Crear | Villager (Male) |
| 20:43 | Construir | Farm |
| 21:13 | Construir | Town Center |
| 21:23 | Crear | Steppe Lancer |
| 21:23 | Crear | Steppe Lancer |
| 21:24 | Crear | Steppe Lancer |
| 21:41 | Crear | Villager (Male) |
| 21:44 | Construir | Farm |
| 21:46 | Crear | Villager (Male) |
| 21:50 | Construir | Farm |
| 21:52 | Crear | Villager (Male) |
| 21:53 | Crear | Villager (Male) |
| 22:00 | Crear | Villager (Male) |
| 22:11 | Construir | Stable |
| 22:14 | Crear | Villager (Male) |
| 22:35 | Construir | Mining Camp |
| 22:37 | Crear | Villager (Male) |
| 22:52 | Crear | Villager (Male) |
| 23:35 | Crear | Villager (Male) |
| 23:36 | Crear | Villager (Male) |
| 23:36 | Crear | Villager (Male) |
| 23:36 | Crear | Villager (Male) |
| 23:48 | Crear | Villager (Male) |
| 23:52 | Crear | Villager (Male) |
| 23:56 | Crear | Steppe Lancer |
| 23:58 | Crear | Steppe Lancer |
| 23:58 | Crear | Steppe Lancer |
| 24:02 | Construir | Farm |
| 24:04 | Construir | House |
| 24:05 | Construir | House |
| 24:06 | Construir | House |
| 24:08 | Construir | House |
| 24:22 | Construir | House |
| 24:23 | Construir | House |
| 24:24 | Construir | House |
| 24:26 | Crear | Villager (Male) |
| 24:33 | Investigar | Bloodlines |
| 24:34 | Crear | Steppe Lancer |
| 24:52 | Crear | Villager (Male) |
| 25:07 | Crear | Villager (Male) |
| 25:16 | Construir | Siege Workshop |
| 25:24 | Crear | Villager (Male) |
| 25:25 | Crear | Villager (Male) |
| 25:28 | Construir | Farm |
| 25:29 | Construir | Farm |
| 25:29 | Construir | Farm |
| 25:29 | Construir | Farm |
| 25:29 | Construir | Farm |
| 25:34 | Construir | Mining Camp |
| 25:36 | Construir | Farm |
| 25:36 | Construir | Farm |
| 25:36 | Construir | Farm |
| 25:37 | Construir | Farm |
| 25:40 | Crear | Villager (Male) |
| 25:40 | Crear | Villager (Male) |
| 25:58 | Crear | Villager (Male) |
| 25:59 | Crear | Villager (Male) |
| 26:07 | Crear | Villager (Male) |
| 26:18 | Crear | Steppe Lancer |
| 26:18 | Crear | Steppe Lancer |
| 26:24 | Construir | Farm |
| 26:24 | Construir | Farm |
| 26:24 | Construir | Farm |
| 26:25 | Construir | Farm |
| 26:27 | Crear | Villager (Male) |
| 26:35 | Crear | Villager (Male) |
| 26:44 | Construir | Mill |
| 26:46 | Crear | Villager (Male) |
| 26:47 | Crear | Villager (Male) |
| 26:56 | Crear | Villager (Male) |
| 27:02 | Construir | House |
| 27:03 | Construir | House |
| 27:07 | Crear | Villager (Male) |
| 27:27 | Construir | House |
| 27:27 | Crear | Villager (Male) |
| 27:28 | Crear | Villager (Male) |
| 27:28 | Crear | Villager (Male) |
| 27:28 | Crear | Villager (Male) |
| 27:46 | Crear | Villager (Male) |
| 27:46 | Crear | Villager (Male) |
| 28:02 | Crear | Villager (Male) |
| 28:03 | Crear | Villager (Male) |
| 28:03 | Crear | Villager (Male) |
| 28:08 | Crear | Villager (Male) |
Build order — Raichu VII
Primeras 150 de 411 acciones detectadas
| 1:21 | Construir | Town Center |
| 1:29 | Construir | House |
| 3:18 | Crear | Villager (Male) |
| 3:19 | Crear | Villager (Male) |
| 3:32 | Construir | House |
| 3:33 | Crear | Villager (Male) |
| 3:42 | Crear | Villager (Male) |
| 4:13 | Construir | House |
| 4:13 | Crear | Villager (Male) |
| 4:50 | Crear | Villager (Male) |
| 5:09 | Construir | Lumber Camp |
| 5:19 | Crear | Villager (Male) |
| 5:37 | Crear | Villager (Male) |
| 6:20 | Crear | Villager (Male) |
| 6:34 | Crear | Villager (Male) |
| 6:43 | Crear | Villager (Male) |
| 7:26 | Crear | Villager (Male) |
| 7:29 | Crear | Villager (Male) |
| 7:37 | Construir | House |
| 7:49 | Construir | House |
| 8:07 | Crear | Villager (Male) |
| 8:08 | Crear | Villager (Male) |
| 8:44 | Crear | Villager (Male) |
| 8:51 | Construir | House |
| 9:24 | Investigar | Loom |
| 9:34 | Crear | Villager (Male) |
| 9:39 | Crear | Villager (Male) |
| 9:57 | Crear | Villager (Male) |
| 10:30 | Construir | Mill |
| 10:50 | Crear | Villager (Male) |
| 10:59 | Construir | House |
| 11:02 | Crear | Villager (Male) |
| 11:34 | Construir | Palisade Wall |
| 11:37 | Construir | Palisade Wall |
| 11:39 | Crear | Villager (Male) |
| 12:05 | Investigar | Feudal Age |
| 14:02 | Construir | Barracks |
| 14:07 | Construir | Palisade Wall |
| 14:23 | Crear | Villager (Male) |
| 14:40 | Crear | Villager (Male) |
| 14:52 | Construir | Archery Range |
| 15:01 | Construir | Blacksmith |
| 15:05 | Crear | Villager (Male) |
| 15:46 | Investigar | Castle Age |
| 15:52 | Construir | Archery Range |
| 15:58 | Construir | Farm |
| 16:05 | Construir | Farm |
| 16:09 | Construir | Farm |
| 16:12 | Construir | Farm |
| 16:15 | Construir | Farm |
| 16:27 | Construir | Palisade Wall |
| 16:34 | Investigar | Double-Bit Axe |
| 17:02 | Construir | Mining Camp |
| 17:17 | Construir | House |
| 17:29 | Construir | Farm |
| 17:54 | Construir | Palisade Wall |
| 17:57 | Construir | Palisade Wall |
| 18:01 | Construir | Palisade Wall |
| 18:29 | Crear | Cavalry Archer |
| 18:29 | Crear | Cavalry Archer |
| 18:29 | Crear | Cavalry Archer |
| 18:30 | Crear | Villager (Male) |
| 18:34 | Investigar | Bow Saw |
| 18:34 | Crear | Villager (Male) |
| 18:38 | Crear | Villager (Male) |
| 19:18 | Investigar | Fletching |
| 19:22 | Crear | Cavalry Archer |
| 19:56 | Crear | Villager (Male) |
| 19:58 | Construir | Farm |
| 19:59 | Construir | House |
| 20:02 | Construir | Farm |
| 20:02 | Crear | Villager (Male) |
| 20:04 | Construir | Farm |
| 20:30 | Construir | Town Center |
| 20:30 | Crear | Villager (Male) |
| 20:32 | Crear | Villager (Male) |
| 20:33 | Construir | House |
| 20:36 | Crear | Villager (Male) |
| 20:51 | Crear | Villager (Male) |
| 20:53 | Construir | House |
| 20:55 | Construir | House |
| 20:58 | Crear | Cavalry Archer |
| 21:00 | Crear | Villager (Male) |
| 21:03 | Construir | House |
| 21:04 | Crear | Villager (Male) |
| 21:07 | Crear | Villager (Male) |
| 21:16 | Investigar | Horse Collar |
| 21:17 | Crear | Villager (Male) |
| 21:22 | Crear | Cavalry Archer |
| 21:29 | Construir | Farm |
| 21:32 | Crear | Cavalry Archer |
| 21:36 | Construir | Farm |
| 21:37 | Crear | Villager (Male) |
| 21:45 | Crear | Villager (Male) |
| 21:55 | Construir | Farm |
| 21:58 | Construir | Farm |
| 22:02 | Construir | Farm |
| 22:05 | Construir | Farm |
| 22:05 | Crear | Villager (Male) |
| 22:17 | Construir | Farm |
| 22:21 | Construir | Farm |
| 22:22 | Crear | Villager (Male) |
| 22:25 | Crear | Villager (Male) |
| 22:26 | Crear | Villager (Male) |
| 23:03 | Crear | Villager (Male) |
| 23:08 | Construir | Town Center |
| 23:09 | Crear | Villager (Male) |
| 23:34 | Crear | Cavalry Archer |
| 23:34 | Crear | Cavalry Archer |
| 23:41 | Crear | Villager (Male) |
| 23:44 | Crear | Villager (Male) |
| 23:45 | Crear | Villager (Male) |
| 23:58 | Crear | Villager (Male) |
| 24:09 | Crear | Cavalry Archer |
| 24:11 | Crear | Villager (Male) |
| 24:25 | Crear | Cavalry Archer |
| 24:25 | Crear | Cavalry Archer |
| 24:29 | Crear | Villager (Male) |
| 24:32 | Crear | Villager (Male) |
| 24:35 | Construir | Stable |
| 25:12 | Investigar | Husbandry |
| 25:15 | Construir | Farm |
| 25:16 | Construir | Farm |
| 25:17 | Construir | Farm |
| 25:18 | Crear | Villager (Male) |
| 25:19 | Construir | Farm |
| 25:21 | Construir | Farm |
| 25:22 | Crear | Villager (Male) |
| 25:27 | Construir | Farm |
| 25:29 | Construir | Farm |
| 25:34 | Construir | Farm |
| 25:36 | Crear | Cavalry Archer |
| 25:36 | Crear | Cavalry Archer |
| 25:38 | Crear | Villager (Male) |
| 25:57 | Crear | Cavalry Archer |
| 25:57 | Crear | Cavalry Archer |
| 26:05 | Investigar | Padded Archer Armor |
| 26:12 | Investigar | Gold Mining |
| 26:15 | Investigar | Bodkin Arrow |
| 26:32 | Construir | Farm |
| 26:33 | Crear | Villager (Male) |
| 26:35 | Crear | Villager (Male) |
| 26:37 | Construir | House |
| 26:38 | Construir | House |
| 26:39 | Construir | House |
| 26:50 | Crear | Cavalry Archer |
| 26:53 | Crear | Villager (Male) |
| 26:56 | Crear | Villager (Male) |
| 26:59 | Crear | Villager (Male) |
| 27:36 | Construir | House |
Build order — Haider_435
Primeras 150 de 404 acciones detectadas
| 0:19 | Construir | Town Center |
| 2:49 | Investigar | Loom |
| 2:50 | Investigar | Loom |
| 2:50 | Crear | Villager (Male) |
| 2:51 | Crear | Villager (Male) |
| 2:51 | Crear | Villager (Male) |
| 2:51 | Crear | Villager (Male) |
| 2:51 | Crear | Villager (Male) |
| 2:57 | Construir | House |
| 3:45 | Crear | Villager (Male) |
| 4:41 | Crear | Villager (Male) |
| 4:42 | Crear | Villager (Male) |
| 4:58 | Construir | House |
| 5:06 | Crear | Villager (Male) |
| 5:55 | Construir | Settlement |
| 6:07 | Crear | Villager (Male) |
| 6:34 | Crear | Villager (Male) |
| 6:35 | Crear | Villager (Male) |
| 6:47 | Crear | Villager (Male) |
| 7:18 | Crear | Villager (Male) |
| 7:48 | Crear | Villager (Male) |
| 8:09 | Crear | Villager (Male) |
| 8:42 | Crear | Villager (Male) |
| 9:12 | Construir | Settlement |
| 9:22 | Crear | Villager (Male) |
| 9:42 | Crear | Villager (Male) |
| 10:13 | Crear | Villager (Male) |
| 10:14 | Crear | Villager (Male) |
| 11:12 | Crear | Villager (Male) |
| 11:30 | Investigar | Feudal Age |
| 12:15 | Crear | Villager (Male) |
| 12:57 | Construir | House |
| 13:01 | Crear | Villager (Male) |
| 13:42 | Construir | Settlement |
| 13:47 | Edad | Edad Feudal |
| 13:52 | Construir | Market |
| 13:56 | Construir | Blacksmith |
| 14:58 | Investigar | Castle Age |
| 16:53 | Construir | Settlement |
| 17:38 | Edad | Edad de los Castillos |
| 17:59 | Investigar | Fletching |
| 18:00 | Crear | Villager (Male) |
| 18:45 | Construir | Castle |
| 19:53 | Crear | Unit 2579 |
| 20:12 | Construir | Settlement |
| 20:13 | Crear | Villager (Male) |
| 20:25 | Crear | Unit 2579 |
| 20:38 | Crear | Unit 2579 |
| 20:47 | Crear | Unit 2579 |
| 21:03 | Crear | Unit 2579 |
| 21:14 | Crear | Unit 2579 |
| 21:25 | Crear | Unit 2579 |
| 21:31 | Construir | Siege Workshop |
| 21:36 | Crear | Unit 2579 |
| 21:52 | Crear | Unit 2579 |
| 22:13 | Crear | Unit 2579 |
| 22:26 | Construir | House |
| 22:48 | Crear | Unit 2579 |
| 23:01 | Construir | House |
| 23:40 | Crear | Unit 2579 |
| 23:41 | Crear | Unit 2579 |
| 23:59 | Crear | Battering Ram |
| 24:28 | Crear | Unit 2579 |
| 24:42 | Crear | Unit 2579 |
| 25:00 | Crear | Unit 2579 |
| 25:11 | Crear | Unit 2579 |
| 25:53 | Construir | Town Center |
| 26:11 | Crear | Unit 2579 |
| 26:40 | Construir | Town Center |
| 26:43 | Crear | Unit 2579 |
| 26:50 | Crear | Unit 2579 |
| 26:58 | Construir | House |
| 27:33 | Crear | Unit 2579 |
| 27:34 | Crear | Unit 2579 |
| 27:37 | Crear | Mangonel |
| 27:38 | Crear | Mangonel |
| 28:02 | Crear | Unit 2579 |
| 28:34 | Crear | Unit 2579 |
| 28:46 | Crear | Unit 2579 |
| 29:00 | Crear | Unit 2579 |
| 29:12 | Crear | Unit 2579 |
| 29:24 | Crear | Unit 2579 |
| 30:00 | Crear | Villager (Male) |
| 30:13 | Crear | Mangonel |
| 30:59 | Crear | Villager (Male) |
| 30:59 | Crear | Villager (Male) |
| 31:50 | Crear | Villager (Male) |
| 32:55 | Crear | Unit 2579 |
| 33:15 | Crear | Villager (Male) |
| 33:17 | Crear | Villager (Male) |
| 33:36 | Crear | Villager (Male) |
| 33:40 | Crear | Unit 2579 |
| 33:40 | Crear | Unit 2579 |
| 34:15 | Crear | Villager (Male) |
| 34:22 | Crear | Villager (Male) |
| 34:32 | Crear | Unit 2579 |
| 34:46 | Crear | Villager (Male) |
| 34:56 | Crear | Unit 2579 |
| 34:56 | Crear | Unit 2579 |
| 34:57 | Crear | Unit 2579 |
| 34:58 | Crear | Unit 2579 |
| 35:15 | Construir | Town Center |
| 35:27 | Crear | Unit 2579 |
| 35:28 | Crear | Unit 2579 |
| 35:50 | Crear | Villager (Male) |
| 36:18 | Crear | Villager (Male) |
| 36:31 | Crear | Villager (Male) |
| 36:54 | Crear | Villager (Male) |
| 37:12 | Construir | Farm |
| 37:13 | Construir | Farm |
| 37:13 | Construir | Farm |
| 37:20 | Crear | Unit 2579 |
| 37:20 | Crear | Unit 2579 |
| 37:53 | Construir | Blacksmith |
| 38:03 | Construir | Settlement |
| 38:08 | Crear | Villager (Male) |
| 38:08 | Crear | Villager (Male) |
| 38:08 | Crear | Villager (Male) |
| 38:21 | Crear | Villager (Male) |
| 38:43 | Crear | Unit 2579 |
| 38:44 | Crear | Unit 2579 |
| 38:46 | Crear | Villager (Male) |
| 39:02 | Crear | Unit 2579 |
| 39:24 | Crear | Villager (Male) |
| 39:24 | Crear | Villager (Male) |
| 39:45 | Crear | Villager (Male) |
| 39:45 | Crear | Villager (Male) |
| 39:45 | Crear | Villager (Male) |
| 40:06 | Crear | Villager (Male) |
| 40:10 | Construir | Farm |
| 40:10 | Construir | Farm |
| 40:34 | Construir | Town Center |
| 40:37 | Crear | Villager (Male) |
| 40:47 | Construir | Town Center |
| 40:53 | Crear | Villager (Male) |
| 41:15 | Crear | Villager (Male) |
| 41:16 | Crear | Villager (Male) |
| 41:16 | Crear | Villager (Male) |
| 41:17 | Crear | Villager (Male) |
| 41:17 | Crear | Villager (Male) |
| 41:21 | Investigar | Bodkin Arrow |
| 41:21 | Investigar | Bodkin Arrow |
| 41:21 | Crear | Unit 2579 |
| 41:22 | Crear | Unit 2579 |
| 41:26 | Crear | Villager (Male) |
| 41:36 | Crear | Villager (Male) |
| 41:36 | Crear | Villager (Male) |
| 41:50 | Construir | Town Center |
| 42:08 | Crear | Villager (Male) |
| 42:13 | Construir | Farm |
Build order — PAWA
Primeras 150 de 582 acciones detectadas
| 0:39 | Construir | House |
| 0:52 | Construir | Town Center |
| 3:34 | Investigar | Loom |
| 3:34 | Crear | Villager (Male) ×4 |
| 3:35 | Crear | Villager (Male) ×4 |
| 4:54 | Construir | House |
| 6:00 | Crear | Villager (Male) ×2 |
| 6:00 | Crear | Villager (Male) ×2 |
| 6:13 | Construir | House |
| 6:25 | Crear | Villager (Male) |
| 6:25 | Crear | Villager (Male) |
| 6:25 | Crear | Villager (Male) |
| 6:48 | Construir | Lumber Camp |
| 7:13 | Crear | Villager (Male) ×2 |
| 7:14 | Crear | Villager (Male) ×2 |
| 7:44 | Crear | Villager (Male) |
| 7:44 | Crear | Villager (Male) |
| 8:00 | Crear | Villager (Male) |
| 8:00 | Crear | Villager (Male) |
| 8:03 | Construir | House |
| 8:47 | Crear | Villager (Male) ×2 |
| 8:47 | Crear | Villager (Male) ×2 |
| 9:22 | Crear | Villager (Male) |
| 9:22 | Crear | Villager (Male) ×2 |
| 9:23 | Crear | Villager (Male) |
| 9:32 | Crear | Villager (Male) |
| 9:32 | Crear | Villager (Male) |
| 10:38 | Construir | Mining Camp |
| 11:14 | Investigar | Feudal Age |
| 11:14 | Investigar | Feudal Age |
| 11:56 | Construir | House |
| 12:30 | Construir | Palisade Wall |
| 12:32 | Construir | Palisade Wall |
| 13:24 | Edad | Edad Feudal |
| 13:31 | Crear | Villager (Male) |
| 13:32 | Crear | Villager (Male) |
| 13:32 | Crear | Villager (Male) |
| 13:32 | Crear | Villager (Male) |
| 13:32 | Crear | Villager (Male) |
| 13:33 | Crear | Villager (Male) |
| 13:33 | Crear | Villager (Male) |
| 13:47 | Construir | Town Center |
| 14:13 | Investigar | Double-Bit Axe |
| 14:13 | Investigar | Double-Bit Axe |
| 14:27 | Construir | Mill |
| 14:46 | Construir | Mill |
| 14:48 | Crear | Villager (Male) |
| 14:49 | Crear | Villager (Male) |
| 14:49 | Crear | Villager (Male) |
| 14:50 | Crear | Villager (Male) |
| 14:50 | Crear | Villager (Male) |
| 15:26 | Construir | House |
| 15:43 | Crear | Villager (Male) |
| 15:44 | Crear | Villager (Male) |
| 15:44 | Crear | Villager (Male) |
| 15:51 | Investigar | Horse Collar |
| 15:52 | Investigar | Horse Collar |
| 16:04 | Crear | Villager (Male) |
| 16:05 | Crear | Villager (Male) |
| 16:10 | Construir | Palisade Wall |
| 16:18 | Crear | Villager (Male) ×2 |
| 16:18 | Crear | Villager (Male) ×2 |
| 16:25 | Crear | Villager (Male) |
| 16:25 | Crear | Villager (Male) |
| 16:25 | Crear | Villager (Male) |
| 16:27 | Construir | Farm |
| 16:31 | Construir | Farm |
| 16:33 | Construir | Farm |
| 16:34 | Crear | Villager (Male) |
| 16:34 | Crear | Villager (Male) |
| 16:40 | Crear | Villager (Male) |
| 16:40 | Crear | Villager (Male) |
| 16:40 | Crear | Villager (Male) |
| 16:45 | Construir | House |
| 16:57 | Crear | Villager (Male) |
| 16:57 | Crear | Villager (Male) |
| 16:59 | Crear | Villager (Male) |
| 16:59 | Crear | Villager (Male) |
| 17:07 | Construir | Palisade Wall |
| 17:11 | Crear | Villager (Male) |
| 17:11 | Crear | Villager (Male) |
| 17:16 | Construir | Farm |
| 17:28 | Construir | Farm |
| 17:28 | Crear | Villager (Male) ×2 |
| 17:29 | Crear | Villager (Male) ×2 |
| 17:31 | Crear | Villager (Male) |
| 17:51 | Crear | Villager (Male) |
| 17:51 | Crear | Villager (Male) |
| 18:12 | Crear | Villager (Male) ×2 |
| 18:12 | Crear | Villager (Male) ×2 |
| 18:15 | Construir | Market |
| 18:23 | Crear | Villager (Male) ×2 |
| 18:23 | Crear | Villager (Male) ×2 |
| 18:47 | Construir | House |
| 19:12 | Construir | Lumber Camp |
| 19:21 | Construir | Farm |
| 19:26 | Construir | Lumber Camp |
| 19:28 | Crear | Villager (Male) |
| 19:37 | Construir | Palisade Wall |
| 19:39 | Construir | Palisade Wall |
| 19:39 | Construir | Palisade Wall |
| 19:43 | Construir | Palisade Wall |
| 19:47 | Crear | Villager (Male) |
| 19:48 | Crear | Villager (Male) |
| 19:48 | Crear | Villager (Male) |
| 19:49 | Crear | Villager (Male) |
| 19:55 | Crear | Villager (Male) ×5 |
| 19:56 | Crear | Villager (Male) ×5 |
| 19:56 | Crear | Villager (Male) |
| 20:26 | Construir | House |
| 20:45 | Crear | Villager (Male) |
| 20:52 | Construir | Blacksmith |
| 21:09 | Construir | Mill |
| 21:14 | Crear | Villager (Male) |
| 21:19 | Investigar | Castle Age |
| 21:40 | Crear | Villager (Male) |
| 21:41 | Crear | Villager (Male) |
| 21:41 | Crear | Villager (Male) |
| 22:00 | Construir | Barracks |
| 22:07 | Crear | Villager (Male) |
| 22:07 | Crear | Villager (Male) |
| 22:25 | Construir | Farm |
| 22:48 | Construir | House |
| 22:55 | Construir | Palisade Wall |
| 23:02 | Construir | Stable |
| 23:11 | Construir | House |
| 23:17 | Construir | Palisade Wall |
| 23:18 | Construir | Palisade Wall |
| 23:20 | Construir | Palisade Wall |
| 23:59 | Edad | Edad de los Castillos |
| 24:25 | Crear | Villager (Male) |
| 24:26 | Crear | Villager (Male) |
| 24:26 | Crear | Villager (Male) |
| 24:26 | Crear | Villager (Male) |
| 24:26 | Crear | Villager (Male) |
| 24:27 | Crear | Villager (Male) |
| 24:27 | Crear | Villager (Male) |
| 24:27 | Crear | Villager (Male) |
| 24:27 | Crear | Villager (Male) |
| 24:28 | Crear | Villager (Male) |
| 24:28 | Crear | Villager (Male) |
| 24:39 | Investigar | Bloodlines |
| 24:39 | Crear | Knight |
| 24:40 | Crear | Knight |
| 24:44 | Crear | Camel Scout |
| 24:44 | Crear | Camel Scout |
| 25:21 | Construir | Town Center |
| 25:30 | Crear | Camel Scout |
| 25:31 | Crear | Camel Scout |
| 25:31 | Crear | Camel Scout |
Cronología de la partida
| 11:08 | Snorkiss89 · first_building Barracks |
| 11:34 | Raichu VII · wall_segment Palisade Wall x1 |
| 11:37 | Raichu VII · wall_segment Palisade Wall x17 |
| 11:46 | Namso · age_up feudal |
| 11:58 | Snorkiss89 · age_up feudal |
| 12:30 | PAWA · wall_segment Palisade Wall x3 |
| 12:30 | Snorkiss89 · first_building Archery Range |
| 12:32 | PAWA · wall_segment Palisade Wall x4 |
| 13:03 | Jamsheed · age_up feudal |
| 13:24 | PAWA · age_up feudal |
| 13:47 | Haider_435 · age_up feudal |
| 14:02 | Raichu VII · first_building Barracks |
| 14:06 | Snorkiss89 · wall_segment Palisade Wall x1 |
| 14:07 | Raichu VII · wall_segment Palisade Wall x1 |
| 14:10 | Snorkiss89 · wall_segment Palisade Wall x1 |
| 14:11 | Snorkiss89 · wall_segment Palisade Wall x1 |
| 14:12 | manfred_the_pig · age_up feudal |
| 14:15 | Snorkiss89 · wall_segment Palisade Wall x1 |
| 14:16 | Jamsheed · first_market_sell 100 food |
| 14:17 | Jamsheed · first_market_buy 100 wood |
| 14:18 | Turkalibx · wall_segment Palisade Wall x9 |
| 14:20 | Turkalibx · wall_segment Palisade Wall x4 |
| 14:28 | Turkalibx · age_up feudal |
| 14:52 | Raichu VII · first_building Archery Range |
| 14:57 | Haider_435 · first_market_buy 100 food |
| 14:57 | Haider_435 · first_market_sell 100 wood |
| 16:10 | PAWA · wall_segment Palisade Wall x8 |
| 16:27 | Raichu VII · wall_segment Palisade Wall x1 |
| 16:59 | Namso · age_up castle |
| 17:07 | PAWA · wall_segment Palisade Wall x10 |
| 17:33 | Turkalibx · wall_segment Palisade Wall x7 |
| 17:38 | Haider_435 · age_up castle |
| 17:54 | Raichu VII · wall_segment Palisade Wall x6 |
| 17:57 | Raichu VII · wall_segment Palisade Wall x3 |
| 18:01 | Raichu VII · wall_segment Palisade Wall x7 |
| 18:02 | Namso · first_building Castle |
| 18:07 | manfred_the_pig · age_up castle |
| 18:10 | manfred_the_pig · first_building Castle |
| 18:28 | Turkalibx · age_up castle |
| 18:44 | Jamsheed · age_up castle |
| 18:45 | Jamsheed · first_building Barracks |
| 18:45 | Haider_435 · first_building Castle |
| 18:45 | manfred_the_pig · first_market_sell 100 wood |
| 18:46 | manfred_the_pig · first_market_buy 100 food |
| 18:56 | Turkalibx · first_building Castle |
| 19:37 | PAWA · wall_segment Palisade Wall x1 |
| 19:39 | PAWA · wall_segment Palisade Wall x1 |
| 19:39 | PAWA · wall_segment Palisade Wall x1 |
| 19:43 | PAWA · wall_segment Palisade Wall x1 |
| 19:56 | manfred_the_pig · first_building Siege Workshop |
| 20:16 | Jamsheed · first_building Stable |
| 21:31 | Haider_435 · first_building Siege Workshop |
| 22:00 | PAWA · first_building Barracks |
| 22:55 | PAWA · wall_segment Palisade Wall x1 |
| 23:02 | PAWA · first_building Stable |
| 23:09 | Snorkiss89 · age_up castle |
| 23:11 | Snorkiss89 · wall_segment Palisade Wall x1 |
| 23:17 | PAWA · wall_segment Palisade Wall x1 |
| 23:18 | PAWA · wall_segment Palisade Wall x1 |
| 23:20 | PAWA · wall_segment Palisade Wall x1 |
| 23:59 | PAWA · age_up castle |
| 24:35 | Raichu VII · first_building Stable |
| 25:16 | Jamsheed · first_building Siege Workshop |
| 26:13 | PAWA · wall_segment Palisade Wall x1 |
| 26:44 | PAWA · first_market_sell 100 wood |
| 26:45 | Snorkiss89 · first_building Siege Workshop |
| 26:54 | PAWA · first_market_buy 100 stone |
| 27:49 | Namso · first_building Barracks |
| 28:54 | Namso · first_building Stable |
| 28:56 | Snorkiss89 · first_building Castle |
| 28:57 | Namso · first_building Archery Range |
| 30:39 | Namso · first_market_buy 100 wood |
| 31:14 | Turkalibx · first_building Monastery |
| 31:19 | Turkalibx · first_building Siege Workshop |
| 31:38 | Jamsheed · first_building Castle |
| 34:15 | Turkalibx · first_building Barracks |
| 34:38 | Raichu VII · first_market_sell 100 wood |
| 34:45 | Raichu VII · first_building Monastery |
| 35:31 | Turkalibx · first_building Stable |
| 36:39 | Namso · first_building Siege Workshop |
| 36:56 | PAWA · tribute_sent a jugador 1 |
| 36:56 | PAWA · tribute_sent a jugador 2 |
| 36:56 | PAWA · tribute_sent a jugador 3 |
| 36:56 | PAWA · tribute_sent a jugador 4 |
| 36:56 | PAWA · tribute_sent a jugador 5 |
| 36:56 | PAWA · tribute_sent a jugador 6 |
| 36:56 | PAWA · tribute_sent a jugador 7 |
| 37:08 | Snorkiss89 · age_up imperial |
| 38:06 | Namso · wall_segment Stone Wall x1 |
| 38:09 | Namso · wall_segment Stone Wall x1 |
| 38:10 | Namso · wall_segment Stone Wall x1 |
| 38:25 | manfred_the_pig · first_building Barracks |
| 38:26 | Turkalibx · first_market_buy 100 wood |
| 39:08 | Raichu VII · first_building Siege Workshop |
| 39:22 | Namso · age_up imperial |
| 39:29 | Namso · first_market_sell 100 food |
| 40:11 | PAWA · tribute_sent a jugador 1 |
| 40:11 | PAWA · tribute_sent a jugador 2 |
| 40:11 | PAWA · tribute_sent a jugador 3 |
| 40:11 | PAWA · tribute_sent a jugador 4 |
| 40:11 | PAWA · tribute_sent a jugador 5 |
| 40:11 | PAWA · tribute_sent a jugador 6 |
| 40:11 | PAWA · tribute_sent a jugador 7 |
| 40:30 | Snorkiss89 · tribute_sent a jugador 1 |
| 40:30 | Snorkiss89 · tribute_sent a jugador 2 |
| 40:30 | Snorkiss89 · tribute_sent a jugador 4 |
| 40:30 | Snorkiss89 · tribute_sent a jugador 5 |
| 40:30 | Snorkiss89 · tribute_sent a jugador 6 |
| 40:30 | Snorkiss89 · tribute_sent a jugador 7 |
| 40:30 | Snorkiss89 · tribute_sent a jugador 8 |
| 40:36 | PAWA · first_building Castle |
| 40:44 | PAWA · first_building Monastery |
| 40:50 | Turkalibx · first_market_sell 100 food |
| 41:03 | manfred_the_pig · first_building Stable |
| 41:09 | Raichu VII · first_building Castle |
| 41:14 | PAWA · tribute_sent a jugador 1 |
| 41:14 | PAWA · tribute_sent a jugador 2 |
| 41:14 | PAWA · tribute_sent a jugador 3 |
| 41:14 | PAWA · tribute_sent a jugador 4 |
| 41:14 | PAWA · tribute_sent a jugador 5 |
| 41:14 | PAWA · tribute_sent a jugador 6 |
| 41:14 | PAWA · tribute_sent a jugador 7 |
| 41:28 | manfred_the_pig · age_up imperial |
| 41:40 | Jamsheed · age_up imperial |
| 44:17 | Turkalibx · age_up imperial |
| 44:40 | PAWA · age_up imperial |
| 44:43 | PAWA · tribute_sent a jugador 1 |
| 44:43 | PAWA · tribute_sent a jugador 2 |
| 44:43 | PAWA · tribute_sent a jugador 3 |
| 44:43 | PAWA · tribute_sent a jugador 4 |
| 44:43 | PAWA · tribute_sent a jugador 5 |
| 44:43 | PAWA · tribute_sent a jugador 6 |
| 44:43 | PAWA · tribute_sent a jugador 7 |
| 47:08 | Namso · tribute_sent a jugador 1 |
| 47:08 | Namso · tribute_sent a jugador 3 |
| 47:08 | Namso · tribute_sent a jugador 4 |
| 47:08 | Namso · tribute_sent a jugador 5 |
| 47:08 | Namso · tribute_sent a jugador 6 |
| 47:08 | Namso · tribute_sent a jugador 7 |
| 47:08 | Namso · tribute_sent a jugador 8 |
| 48:50 | PAWA · tribute_sent a jugador 1 |
| 48:50 | PAWA · tribute_sent a jugador 2 |
| 48:50 | PAWA · tribute_sent a jugador 3 |
| 48:50 | PAWA · tribute_sent a jugador 4 |
| 48:50 | PAWA · tribute_sent a jugador 5 |
| 48:50 | PAWA · tribute_sent a jugador 6 |
| 48:50 | PAWA · tribute_sent a jugador 7 |
| 50:39 | Raichu VII · wall_segment Palisade Wall x2 |
| 50:58 | manfred_the_pig · tribute_sent a jugador 2 |
| 50:58 | manfred_the_pig · tribute_sent a jugador 3 |
| 50:58 | manfred_the_pig · tribute_sent a jugador 4 |
| 50:58 | manfred_the_pig · tribute_sent a jugador 5 |
| 50:58 | manfred_the_pig · tribute_sent a jugador 6 |
| 50:58 | manfred_the_pig · tribute_sent a jugador 7 |
| 50:58 | manfred_the_pig · tribute_sent a jugador 8 |
| 51:01 | Haider_435 · first_building Barracks |
| 52:14 | Snorkiss89 · resign |
| 52:34 | PAWA · tribute_sent a jugador 1 |
| 52:34 | PAWA · tribute_sent a jugador 2 |
| 52:34 | PAWA · tribute_sent a jugador 3 |
| 52:34 | PAWA · tribute_sent a jugador 4 |
| 52:34 | PAWA · tribute_sent a jugador 5 |
| 52:34 | PAWA · tribute_sent a jugador 6 |
| 52:34 | PAWA · tribute_sent a jugador 7 |
| 53:28 | Namso · wall_segment Stone Wall x1 |
[ ANÁLISIS IA · 1 CRÉDITO ]
¿Qué pasó realmente en esta partida?
Wolo.gg analiza cada decisión: build order, eco, micro, errores típicos por bracket. Análisis personalizado por WhatsApp o Discord en 30 segundos.
Guía civ
Magiares
Perfil
Jugador #23656206